 Dungeon Crawl Stone Soup version 0.24.0-123-gd5b16e6ec5 (webtiles) character file.

Game seed: 1872798182783422590, levelgen mode: deterministic

54243 hazymike the Harbinger of Death (level 14, -5/111 HPs)
             Began as a Demonspawn Ice Elementalist on Feb 7, 2020.
             Was a High Priest of Yredelemnul.
             Slain by an orc knight
             ... wielding a +0 long sword
              (16 damage)
             ... on level 2 of the Orcish Mines.
             The game lasted 04:08:21 (26921 turns).

hazymike the Harbinger of Death (DsIE)             Turns: 26921, Time: 04:08:22

Health: -5/111     AC: 11    Str: 10    XL:     14   Next: 33%
Magic:  0/23       EV: 14    Int: 20    God:    Yredelemnul [*****.]
Gold:   2727       SH:  8    Dex: 14    Spells: 17/25 levels left

rFire    . . .     SeeInvis .   a - +5 scimitar (freeze)
rCold    + . .     Gourm    .   l - +2 buckler
rNeg     . . .     Faith    .   X - +2 robe {MR+}
rPois    .         Spirit   +   t - +1 helmet
rElec    .         Reflect  .   s - scarf {repulsion}
rCorr    +         Harm     .   (no gloves)
MR       +++..                  M - +2 pair of boots
Stlth    +++.......             F - amulet of magic regeneration
HPRegen  0.28/turn              x - ring "Kokoa" {rC+ rCorr Stlth+}
MPRegen  0.61/turn              p - ring of protection from magic

@: lightly drained, repel missiles
A: claws 2, slimy green scales 1, spiny 3, magic shield, magic regeneration
a: Recall Undead Slaves, Injury Mirror, Animate Dead, Drain Life, Enslave Soul,
Renounce Religion


You were on level 2 of the Orcish Mines.
You worshipped Yredelemnul.
Yredelemnul was extremely pleased with you.
You were not hungry.

You visited 4 branches of the dungeon, and saw 21 of its levels.
You also visited: Volcano.

You collected 3964 gold pieces.
You spent 1237 gold pieces at shops.

Inventory:

Hand Weapons
 a - a +5 scimitar of freezing (weapon)
 b - a +2 whip of electrocution
Missiles
 n - 4 throwing nets
 w - 8 javelins
 y - 28 poisoned darts (quivered)
 U - 8 datura-tipped darts
Armour
 l - a +2 buckler (worn)
 s - a scarf of repulsion (worn)
 t - a +1 helmet (worn)
 M - a +2 pair of boots (worn)
 R - a +0 troll leather armour
 X - a +2 robe of magic resistance (worn)
Jewellery
 h - an uncursed ring of protection from magic
 k - an uncursed ring of magical power
 p - a ring of protection from magic (right claw)
 x - the ring "Kokoa" (left claw) {rC+ rCorr Stlth+}
   (You bought it in a shop on level 4 of the Dungeon)

   [ring of resist corrosion]

   It protects you from cold.
   It provides partial protection from all sources of acid and corrosion.
   It makes you more stealthy.
 D - an uncursed ring of ice
 F - an amulet of magic regeneration (around neck)
 J - an uncursed ring of fire
 W - an uncursed ring of ice
 Z - an uncursed ring of poison resistance
Wands
 r - a wand of random effects (38)
 C - a wand of polymorph (5)
 L - a wand of disintegration (12)
 N - a wand of iceblast (10)
 O - a wand of flame (18)
 P - a wand of digging (2)
 Q - a wand of acid (4)
 S - a wand of clouds (7)
Scrolls
 d - 2 scrolls of silence
 f - 9 scrolls of teleportation
 u - 4 scrolls of identify
 G - a scroll of vulnerability
 H - 4 scrolls of magic mapping
 I - 2 scrolls of immolation
 T - 3 scrolls of blinking
 V - a scroll of fear
 Y - a scroll of summoning
Potions
 e - 3 potions of flight
 i - 5 potions of brilliance
 j - 3 potions of berserk rage
 m - 6 potions of might
 o - 2 potions of magic
 q - 6 potions of lignification
 v - 3 potions of ambrosia
 z - 3 potions of resistance
 A - 6 potions of heal wounds
 B - 7 potions of curing
 E - 2 potions of haste
 K - 2 potions of invisibility
Miscellaneous
 g - a lightning rod (4/4)
Comestibles
 c - 27 rations


   Skills:
 + Level 10.9(10.6) Fighting
 - Level 4.0(3.7) Dodging
 - Level 2.0(1.7) Stealth
 + Level 9.2(8.9) Shields
 - Level 6.0(5.7) Spellcasting
 + Level 9.3(8.9) Conjurations
 - Level 2.0(1.8) Charms
 + Level 12.6(12.2) Ice Magic
 + Level 13.1(12.8) Invocations


You had 17 spell levels left.
You knew the following spells:

 Your Spells              Type           Power        Failure   Level  Hunger
a - Freeze                Ice            ####         1%          1    None
b - Ozocubu's Armour      Chrm/Ice       ####....     1%          3    ##.....
c - Throw Icicle          Conj/Ice       #####...     1%          4    ####...

Your spell library contained the following spells:

 Spells                   Type           Power        Failure   Level  Hunger
 Throw Frost              Conj/Ice       #####.       1%          2    None
 Infusion                 Chrm           ##..         5%          1    None
 Song of Slaying          Chrm           ##......     8%          2    None
 Summon Ice Beast         Ice/Summ       ####....     9%          4    ####...
 Animate Skeleton         Necr           N/A          11%         1    None
 Pain                     Necr           #...         11%         1    None
 Shroud of Golubria       Chrm/Tloc      #.....       12%         2    None
 Regeneration             Chrm/Necr      #.........   22%         3    ##.....
 Spectral Weapon          Hex/Chrm       #.......     22%         3    ##.....
 Vampiric Draining        Necr           #.........   32%         3    ##.....
 Animate Dead             Necr           N/A          71%         4    ####...


Dungeon Overview and Level Annotations

Branches:
Dungeon (12/15)            Temple (1/1) D:5            Lair (6/6) D:8
 Shoals (0/4) Lair:4       Spider (0/4) Lair:2        Slime (0/5) Lair:5
    Orc (2/2) D:12            Elf (0/3) Orc:2       Volcano (visited)

Altars:
Ashenzari
Cheibriados
Dithmenos
Elyvilon
Fedhas
Gozag
Hepliaklqana
Kikubaaqudgha
Makhleb
Nemelex Xobeh
Okawaru
Qazlal
Ru
Sif Muna
Trog
Uskayaw
Vehumet
Wu Jian
Xom
Yredelemnul
Zin
The Shining One
Beogh

Shops:
D:4 =   D:5 [   D:7 %[?!   D:10 **:   Orc:1 =

Annotations:
Orc:2 Saint Roka


Innate Abilities, Weirdness & Mutations

You have very sharp fingernails.
You are partially covered in slimy green scales. (AC +2)
You are completely covered in sharp spines.
When hurt, damage is shared between your health and your magic reserves.
You regenerate magic rapidly.


Message History

The orc priest hits Jorgrun but does no damage.
Casting: Freeze (safe; 1% risk of failure)
Confirm with . or Enter, or press ? or * to list all spells.
Aiming: Freeze (safe; 1% risk of failure)
Press: ? - help, Shift-Dir - straight line, f/p - orc knight
Aim: an orc knight, wielding a +0 long sword and wearing a +0 plate armour (severely wounded)
You freeze the orc knight.
The orc knight is severely wounded.
The orc wizard no longer looks unusually strong.
The orc wizard hits Jorgrun with a +0 dagger.
Your flying skull closely misses the orc knight.
The orc sorcerer casts a spell.
The orc warrior is struck by your spines.
The orc warrior hits you with a +0 dire flail!!
* * * LOW HITPOINT WARNING * * *
The orc wizard hits Jorgrun but does no damage.
Your flying skull closely misses the orc warrior.
The orc knight hits you with a +0 long sword!
You die...
Your body rises from the dead as a mindless zombie.

.#.....................
.o.............#...#.#..
....................#...
........................
..............).........
..................#.#...
.......ZZ..............
..#..ZZZ#..####...##..
#8z@z8#### #.###...
#.ooZ)# ### #.. #..ooo#
... #..o..# ... .......
... ......... #..
.....o..... #..
............. ##. ##


You could see an orc knight, 2 orc sorcerers, 3 orc warriors, an orc priest, an
orc wizard, the friendly Jorgrun the spectral dwarf, 2 friendly flying skulls, a
friendly orc warrior zombie, 3 friendly deep elf mage zombies and a friendly
deep elf mage skeleton.

Vanquished Creatures
  Gastronok (D:8)
  An ogre mage (Volcano)
  Fannar (D:10)
  A catoblepas (Lair:1)
  5 two-headed ogres
  A death yak (Lair:6)
  Pikel (D:9)
  An orc knight (Orc:1)
  4 deep elf magi
  A cyclops (D:11)
  3 black mambas
  2 molten gargoyles (Volcano)
  An elephant (Lair:4)
  A gargoyle (D:10)
  3 spiny frogs
  A torpor snail (Lair:5)
  A kobold demonologist (D:11)
  3 komodo dragons
  3 jumping spiders (Lair:2)
  4 trolls
  5 blink frogs (Lair:1)
  A meliai zombie (D:11)
  4 hippogriffs
  2 redbacks (Lair:2)
  2 wraiths (Orc:1)
  20 yaks
  2 wyverns
  4 fire bats
  A hungry ghost (D:9)
  A fire elemental (Lair:6)
  2 basilisks
  A steam dragon (D:12)
  3 wargs (Orc:2)
  An acid dragon (D:11)
  9 water moccasins
  2 porcupines (D:8)
  3 ice beasts
  15 orc warriors
  A black bear (Lair:6)
  A sky beast (D:10)
  5 ogres
  3 wolves (Lair:6)
  A phantom (D:11)
  12 centaurs
  11 crocodiles
  A big kobold (D:10)
  12 bullfrogs
  2 wyvern skeletons
  4 scorpions
  12 killer bees
  A howler monkey (D:5)
  4 wights
  2 bullfrog zombies
  7 lava snakes (Volcano)
  9 crimson imps
  A centaur zombie (D:12)
  4 orc priests
  6 hounds
  2 jellies (D:8)
  7 orc wizards
  A gnoll shaman (Orc:2)
  3 bullfrog skeletons
  Ijyb (D:4)
  An iguana (D:12)
  10 worker ants
  A hound skeleton (D:8)
  11 gnolls
  A howler monkey skeleton (D:6)
  11 adders
  A shadow imp (D:5)
  An ooze (D:1)
  3 worms
  3 dart slugs (D:1)
  5 leopard geckos
  38 orcs
  3 ball pythons
  3 giant cockroaches
  6 goblins
  12 hobgoblins
  11 jackals
  3 quokkas
  16 bats
  6 frilled lizards
  A jackal zombie (D:3)
  10 kobolds
  2 quokka skeletons
  A quokka zombie (D:5)
  15 rats
405 creatures vanquished.

Vanquished Creatures (collateral kills)
  Rupert (Lair:4)
  Nessos (Lair:4)
  A red draconian (Volcano)
  A dire elephant (Lair:6)
  Josephine (Orc:1)
  A catoblepas (Lair:6)
  4 hydras
  4 death yaks
  A deep troll shaman (Lair:6)
  Urug (Lair:5)
  An orc high priest (Orc:2)
  5 deep elf magi (Orc:2)
  A lindwurm (Lair:5)
  8 orc knights
  2 oklob plants (D:12)
  A cyclops (D:11)
  3 merfolk sirens (Lair:4)
  5 elephants
  A centaur skeleton (D:12)
  4 spiny frogs
  3 rime drakes (Lair:3)
  3 komodo dragons
  A merfolk (Lair:4)
  A jumping spider (Lair:2)
  2 polar bears
  2 trolls (Orc:1)
  3 hippogriffs
  11 dream sheep
  5 slime creatures (D:12)
  Sigmund (D:4)
  A spriggan (D:8)
  A wyvern (Lair:4)
  5 yaks
  A wraith (Orc:1)
  A basilisk (Lair:6)
  A fire bat (Lair:6)
  3 hungry ghosts
  A warg (Orc:2)
  2 water moccasins
  2 porcupines
  An ice beast (D:9)
  15 orc warriors
  A sky beast (D:8)
  A black bear (D:8)
  4 ogres
  5 wolves (Lair:6)
  3 crocodiles
  A big kobold (D:11)
  3 bullfrogs
  2 killer bees (D:10)
  4 wights
  2 electric eels
  A quasit (D:10)
  4 orc priests
  A hound (D:12)
  4 orc wizards
  A bullfrog skeleton (D:7)
  An iguana (D:7)
  An adder (D:11)
  An adder zombie (D:12)
  12 orcs
  2 kobolds
  23 fungi
  8 plants
198 creatures vanquished.

Vanquished Creatures (others)
  2 skeletal warriors (Orc:1)
  A death yak zombie (Lair:6)
  A jumping spider zombie (Lair:2)
  11 flying skulls
  2 vampires
  2 wraiths
  2 two-headed ogre zombies (Volcano)
  A two-headed ogre skeleton (Volcano)
  A spiny frog zombie (Lair:1)
  A blink frog zombie (Lair:1)
  An elephant zombie (Lair:6)
  3 dream sheep zombies (Lair:6)
  2 merfolk zombies (Lair:4)
  A lindwurm zombie (Lair:5)
  A komodo dragon zombie (Lair:6)
  A hippogriff zombie (Lair:4)
  A hippogriff skeleton (D:8)
  An elf skeleton (Lair:6)
  3 water moccasin zombies
  A cyclops zombie (D:11)
  A spectral human (Orc:1)
  A spriggan zombie (D:8)
  A warg skeleton (Orc:2)
  4 yak zombies
  A troll skeleton (D:9)
  3 wolf zombies (Lair:6)
  2 wights
  A wolf skeleton (Lair:6)
  A black bear zombie (Lair:6)
  2 bullfrog zombies
  A centaur zombie (D:11)
  A basilisk zombie (Lair:6)
  A bullfrog skeleton (D:11)
  2 human skeletons (Lair:6)
  2 porcupine skeletons (D:8)
  A killer bee zombie (D:8)
  An acid dragon zombie (D:11)
  3 crocodile zombies (Lair:6)
  2 ogre skeletons
  2 ogre zombies
  A crocodile skeleton (Lair:6)
  A hound zombie (D:8)
  A hound skeleton (D:8)
  2 worker ant zombies
  An adder (D:11)
  A gnoll (Orc:2)
  An adder zombie (D:11)
  17 orc zombies
  11 orc skeletons
  A jackal zombie (D:6)
  A kobold zombie (D:10)
  19 fungi (D:8)
  8 plants
137 creatures vanquished.

Grand Total: 740 creatures vanquished

Notes
Turn   | Place    | Note
-------+----------+-------------------------------------------
     0 | D:1      | hazymike the Demonspawn Ice Elementalist began the quest
                  | for the Orb.
     0 | D:1      | Reached XP level 1. HP: 13/13 MP: 3/3
   338 | D:1      | Gained mutation: You are partially covered in sharp spines.
                  | [demonic ancestry]
   338 | D:1      | Reached XP level 2. HP: 20/20 MP: 1/5
  1269 | D:1      | Gained mutation: When hurt, damage is shared between your
                  | health and your magic reserves. [demonic ancestry]
  1269 | D:1      | Reached XP level 3. HP: 25/25 MP: 3/6
  1521 | D:1      | Reached skill level 1 in Fighting
  1663 | D:2      | Learned a level 3 spell: Ozocubu's Armour
  1786 | D:2      | Found a shimmering altar of Xom.
  1965 | D:2      | Reached XP level 4. HP: 28/32 MP: 4/7
  3411 | D:3      | Reached skill level 1 in Charms
  4027 | D:3      | Reached XP level 5. HP: 37/37 MP: 4/9
  4591 | D:4      | Found Ximont's Jewellery Shop.
  4747 | D:4      | Gained mutation: You regenerate magic rapidly. [demonic
                  | ancestry]
  4747 | D:4      | Reached XP level 6. HP: 44/44 MP: 4/10
  5323 | D:4      | Noticed Ijyb
  5331 | D:4      | Noticed Sigmund
  5352 | D:4      | Killed Ijyb
  5942 | D:4      | Reached XP level 7. HP: 48/51 MP: 9/12
  6063 | D:4      | Learned a level 4 spell: Throw Icicle
  6067 | D:5      | Entered Level 5 of the Dungeon
  6121 | D:5      | Found a staircase to the Ecumenical Temple.
  6199 | D:5      | Found Romnexos's Antique Armour Shop.
  6204 | D:5      | Bought a pair of glowing boots for 172 gold pieces
  6204 | D:5      | Bought a runed buckler for 172 gold pieces
  6331 | D:5      | Reached skill level 5 in Ice Magic
  6445 | Temple   | Entered the Ecumenical Temple
  6540 | Temple   | Became a worshipper of Yredelemnul the Dark
  6654 | D:5      | Reached skill level 1 in Shields
  6768 | D:5      | Reached skill level 1 in Invocations
  6890 | D:5      | Gained mutation: You have sharp fingernails. [demonic
                  | ancestry]
  6890 | D:5      | Reached XP level 8. HP: 58/58 MP: 11/14
  7183 | D:5      | Reached skill level 2 in Invocations
  7283 | D:5      | Found a sparkling altar of Nemelex Xobeh.
  7283 | D:5      | Found a blossoming altar of Fedhas.
  7290 | D:5      | Found a snail-covered altar of Cheibriados.
  7292 | D:5      | Found a shimmering blue altar of Sif Muna.
  7294 | D:5      | Found a glowing golden altar of the Shining One.
  7567 | D:6      | Reached * piety under Yredelemnul
  8076 | D:6      | Reached skill level 3 in Invocations
  8280 | D:7      | Found Foptyvuuru's Magic Scroll Shoppe.
  8342 | D:7      | Found Rojoaguska's Antique Armour Emporium.
  8345 | D:7      | Found Suam's Food Emporium.
  8441 | D:7      | Found Icky's Distillery.
  8441 | D:7      | Noticed a hippogriff
  8449 | D:7      | Killed a hippogriff
  8449 | D:7      | Reached XP level 9. HP: 58/66 MP: 8/15
  8478 | D:7      | Bought a potion of degeneration for 15 gold pieces
  8478 | D:7      | Bought a potion of invisibility for 120 gold pieces
  8546 | D:7      | Found a bloodstained altar of Trog.
  9001 | D:7      | Reached skill level 4 in Invocations
  9356 | D:8      | Noticed Maurice
  9436 | D:8      | Noticed Gastronok
  9714 | D:8      | Reached skill level 5 in Fighting
  9714 | D:8      | Reached skill level 5 in Invocations
  9870 | D:8      | Reached ** piety under Yredelemnul
 10021 | D:8      | Killed Gastronok
 10021 | D:8      | Reached skill level 6 in Invocations
 10021 | D:8      | Gained mutation: You are mostly covered in sharp spines.
                  | [demonic ancestry]
 10021 | D:8      | Reached XP level 10. HP: 51/76 MP: 1/16
 10131 | D:8      | Found a staircase to the Lair.
 10732 | D:9      | Reached skill level 7 in Invocations
 10822 | D:9      | Reached skill level 5 in Conjurations
 11649 | D:9      | Noticed Pikel
 11662 | D:9      | Killed Pikel
 11702 | D:10     | Entered Level 10 of the Dungeon
 11702 | D:10     | Noticed a gargoyle
 11793 | D:10     | Killed a gargoyle
 11996 | D:10     | Found Gaogat's Assorted Antiques.
 12021 | D:10     | Bought a scroll labeled CEGRAT HAXAISCH for 23 gold pieces
 12021 | D:10     | Bought a scroll labeled HEUT MEN MOCK for 23 gold pieces
 12021 | D:10     | Bought 2 scrolls labeled CEGRAT HAXAISCH for 46 gold pieces
 12079 | D:10     | Identified a scroll of acquirement
 12228 | D:4      | Bought the ring "Kokoa" {rC+ rCorr Stlth+} for 441 gold
                  | pieces
 12402 | D:10     | Found Osaskes's Assorted Antiques.
 12462 | D:10     | Bought a dented silver amulet for 125 gold pieces
 12462 | D:10     | Bought a scroll labeled RAILITUALU for 25 gold pieces
 12474 | D:10     | Reached XP level 11. HP: 81/83 MP: 17/17
 12541 | D:10     | Reached skill level 8 in Invocations
 12602 | D:10     | Noticed a four-headed hydra
 12613 | D:10     | Found Zesa Lucodid's Book Shoppe.
 12613 | D:10     | Noticed Fannar
 12732 | D:10     | Killed Fannar
 12732 | D:10     | Reached skill level 5 in Shields
 13145 | D:10     | Killed a four-headed hydra
 13145 | D:10     | Reached *** piety under Yredelemnul
 13145 | D:10     | Reached skill level 10 in Ice Magic
 13673 | D:11     | Noticed a two-headed ogre
 13876 | D:11     | Reached skill level 9 in Invocations
 14100 | D:11     | Reached **** piety under Yredelemnul
 14266 | D:11     | Killed a two-headed ogre
 14526 | Lair:1   | Entered Level 1 of the Lair of Beasts
 14680 | Lair:1   | Noticed an eight-headed hydra
 14689 | Lair:1   | Killed an eight-headed hydra
 14795 | Lair:1   | Received a gift from Yredelemnul (a wight)
 14850 | Lair:1   | Reached skill level 5 in Spellcasting
 14869 | Lair:1   | Gained mutation: You are partially covered in slimy green
                  | scales. (AC +2) [demonic ancestry]
 14869 | Lair:1   | Reached XP level 12. HP: 73/92 MP: 7/19
 15196 | Lair:1   | Noticed a four-headed hydra
 15205 | Lair:1   | Killed a four-headed hydra
 15663 | Lair:2   | Received a gift from Yredelemnul (a wight)
 15712 | Lair:2   | Found a hole to the Spider Nest.
 15858 | Lair:2   | Noticed a catoblepas
 15903 | Lair:1   | Killed a catoblepas
 16066 | Lair:2   | Reached skill level 10 in Invocations
 16067 | Lair:2   | Received a gift from Yredelemnul (4 flying skulls)
 16477 | Lair:3   | Found a dark tunnel.
 16485 | Volcano  | Entered a volcano
 16967 | Volcano  | Found a bloodstained altar of Trog.
 16967 | Volcano  | Noticed a two-headed ogre
 16967 | Volcano  | Noticed a two-headed ogre
 16967 | Volcano  | Noticed an ogre mage
 16967 | Volcano  | Noticed a two-headed ogre
 16971 | Volcano  | Killed a two-headed ogre
 16981 | Volcano  | Killed an ogre mage
 16986 | Volcano  | Killed a two-headed ogre
 16986 | Volcano  | Received a gift from Yredelemnul (a wraith)
 16994 | Volcano  | Killed a two-headed ogre
 17080 | Volcano  | Noticed a two-headed ogre
 17087 | Volcano  | Killed a two-headed ogre
 17130 | Volcano  | Noticed a red draconian
 17137 | Volcano  | Killed a red draconian
 17881 | Lair:4   | Found a shadowy altar of Dithmenos.
 18049 | Lair:4   | Found a staircase to the Shoals.
 18057 | Lair:4   | Gained mutation: You have very sharp fingernails. [demonic
                  | ancestry]
 18057 | Lair:4   | Reached XP level 13. HP: 93/101 MP: 22/22
 18113 | Lair:4   | Got a translucent great sword
 18114 | Lair:4   | Identified the +0 great sword "Toraodulemm" {slice, rPois
                  | rF- rN+++ Str+4} (You found it on level 4 of the Lair of
                  | Beasts)
 18600 | Lair:5   | Reached skill level 11 in Invocations
 18601 | Lair:5   | Received a gift from Yredelemnul (a vampire)
 18601 | Lair:5   | Noticed Urug
 18607 | Lair:5   | Noticed Nessos
 18614 | Lair:5   | Killed Urug
 18998 | Lair:4   | Killed Nessos
 19099 | Lair:5   | Found a staircase to the Slime Pits.
 19400 | Lair:5   | Noticed Rupert
 19444 | Lair:4   | Killed Rupert
 19677 | D:10     | Bought a scroll of remove curse for 75 gold pieces
 19869 | Lair:5   | Reached skill level 10 in Fighting
 20160 | Lair:5   | Reached skill level 12 in Invocations
 20366 | Lair:6   | Entered Level 6 of the Lair of Beasts
 20520 | Lair:6   | Received a gift from Yredelemnul (a vampire)
 20844 | Lair:6   | Reached ***** piety under Yredelemnul
 20856 | Lair:6   | Received a gift from Yredelemnul (a wraith)
 21488 | Lair:6   | Noticed a dire elephant
 21505 | Lair:6   | Killed a dire elephant
 22337 | D:4      | Killed Sigmund
 22446 | D:8      | Killed Maurice
 22446 | D:8      | Enslaved Maurice
 22669 | D:12     | Found a staircase to the Orcish Mines.
 22688 | D:12     | Received a gift from Yredelemnul (4 flying skulls)
 23083 | D:12     | Received a gift from Yredelemnul (a skeletal warrior)
 23219 | D:12     | Found a blossoming altar of Fedhas.
 23234 | D:12     | Gained mutation: You are completely covered in sharp
                  | spines. [demonic ancestry]
 23234 | D:12     | Reached XP level 14. HP: 90/111 MP: 14/23
 23560 | Orc:1    | Entered Level 1 of the Orcish Mines
 23660 | Orc:1    | Found Ecvimeg's Jewellery Shoppe.
 23868 | Orc:1    | Noticed Josephine
 23882 | Orc:1    | Received a gift from Yredelemnul (2 flying skulls)
 23883 | Orc:1    | Killed Josephine
 24122 | Orc:1    | Your ally Maurice died
 24157 | Orc:1    | Received a gift from Yredelemnul (a skeletal warrior)
 24756 | Orc:1    | Found a roughly hewn altar of Beogh.
 24889 | Orc:2    | Entered Level 2 of the Orcish Mines
 24889 | Orc:2    | Found a staircase to the Elven Halls.
 25032 | Orc:2    | Noticed Jorgrun
 25081 | Orc:1    | Killed Jorgrun
 25081 | Orc:1    | Enslaved Jorgrun
 25507 | Orc:2    | Noticed Saint Roka
 26203 | Orc:1    | Reached skill level 13 in Invocations
 26228 | Orc:1    | Received a gift from Yredelemnul (3 flying skulls)
 26921 | Orc:2    | Slain by an orc knight

Levels and vault maps discovered:
D:1:      dpeg_arrival_connections, layout_basic
D:2:      layout_loops_ring, xom_teletrap_fun, serial_forest,
          infiniplex_forest_lined_4_way, infiniplex_forest_clump_double,
          infiniplex_forest_lined_room_3, infiniplex_forest_straight_2,
          infiniplex_forest_clump_small, infiniplex_forest_clump_cross
D:3:      layout_loops_ring, minmay_divided_ellipse
D:4:      layout_basic, serial_shops, nicolae_shop_trees,
          hangedman_minor_gate_pass, uniq_sigmund, uniq_ijyb
D:5:      layout_basic, chequers_temple_overflow_minitemple,
          minmay_temple_entry_statues_fountains, serial_shops,
          nicolae_shop_trees, first_ration, grunt_ministairs_2
D:6:      layout_rooms, hangedman_abyss_or_decor_stagger
D:7:      layout_gridville, serial_shops, shop, nicolae_shop_crystal,
          nicolae_shop_trees, shop, trog_three_pillars_becter
D:8:      layout_loops_ring, grunt_lair_entry_orc_guard_hut, grunt_pizzeria,
          hex_tiny, uniq_gastronok, uniq_maurice
D:9:      layout_cave_pods, chequers_serial_rivers_micro_e, uniq_pikel
D:10:     layout_long_grid, serial_shops, kennysheep_mini, shop, shop,
          uniq_fannar
D:11:     layout_basic
D:12:     layout_basic, orc_0_dummy, hangedman_tree_tricks,
          nicolae_zen_rock_garden
Temple:   lightli_temple_of_artemis
Lair:1:   layout_concentric_octagons, nicolae_quartered_pool_super,
          serial_bayou_shore_a
Lair:2:   layout_cave_shapes, nicolae_spider_entry_tight_spaces,
          grunt_forest_small_clearings
Lair:3:   layout_cave_shapes, enter_volcano_2, nicolae_lair_grove_arrangements,
          infiniplex_staircase_pool_2, lemuel_fruit_tree
Lair:4:   layout_roguey, elwin_shoals_entry_stream, basic_altar
Lair:5:   layout_gridlike, slime_dummy, chequers_serial_rivers_micro_e,
          beast_lair_carwin_2, uniq_nessos, uniq_urug, uniq_rupert
Lair:6:   grunt_lair_end_beastmaster, layout_gridlike
Orc:1:    layout_caves, special_room [special_room_orc], serial_shops, shop,
          uniq_josephine
Orc:2:    grunt_orc_cross, layout_caves, elves_outpost_lemuel, uniq_jorgrun,
          uniq_sonja

Skill      XL: |  1  2  3  4  5  6  7  8  9 10 11 12 13 14 |
---------------+-------------------------------------------+-----
Stealth        | 2 |  2.0
Ice Magic      | 3 4 5 6 8 9 10 11 12 | 12.6
Dodging        | 2 3 4 |  4.0
Fighting       | 1 2 3 4 6 7 9 10 | 10.9
Charms         | 1 2 |  2.0
Spellcasting   | 3 4 5 6 |  6.0
Shields        | 1 2 4 6 7 8 9 |  9.2
Invocations    | 1 3 6 7 9 10 12 13 | 13.1
Conjurations   | 2 3 4 5 6 8 9 |  9.3

Action                   |  1- 3 |  4- 6 |  7- 9 | 10-12 | 13-15 || total
-------------------------+-------+-------+-------+-------+-------++-------
Melee: Morningstar       |       |     9 |    37 |     8 |       ||    54
       Scimitar          |       |       |       |    50 |    10 ||    60
       Whip              |       |       |       |    13 |     9 ||    22
Throw: Stone             |    15 |   149 |    18 |       |       ||   182
       Dart              |       |       |    50 |    86 |    53 ||   189
       Throwing net      |       |       |       |     2 |       ||     2
 Cast: Freeze            |    61 |   127 |   158 |   381 |   367 ||  1094
       Ozocubu's Armour  |       |     3 |     5 |    35 |    31 ||    74
       Throw Icicle      |       |       |       |    21 |    12 ||    33
Invok: Animate Remains   |       |       |    18 |    15 |       ||    33
       Recall Undead Sla |       |       |       |     4 |    13 ||    17
       Animate Dead      |       |       |       |    31 |    34 ||    65
       Enslave Soul      |       |       |       |       |     2 ||     2
Evoke: Wand              |       |       |       |     1 |     3 ||     4
  Use: Scroll            |       |       |    15 |    14 |     6 ||    35
       Potion            |       |       |       |       |     1 ||     1
 Stab: Sleeping          |       |     1 |     2 |     1 |     3 ||     7
  Eat: Chunk             |     4 |    11 |    17 |    30 |    23 ||    85
       Ration            |       |     1 |       |     6 |     6 ||    13
Armor: Robe              |     2 |       |       |       |    61 ||    63
       Leather armour    |     6 |    27 |    35 |     8 |       ||    76
       Skin              |       |    19 |       |       |       ||    19
       Troll leather arm |       |       |       |    94 |    35 ||   129
Dodge: Dodged            |    21 |    66 |    72 |   201 |   184 ||   544
       Deflected         |       |    13 |     7 |    23 |     9 ||    52
Block: Buckler           |       |       |    45 |   160 |   136 ||   341
       Rpst.: Scimitar   |       |       |       |    39 |    41 ||    80
